 Dungeon Crawl Stone Soup version 0.30-a0-782-ge64f9170bb (webtiles) character file.

Game seed: 15098095128095056129

100 Barriton the Firebug (level 4, -2/33 HPs)
             Began as a Draconian Fire Elementalist on Feb 20, 2023.
             Slain by an orc priest
             ... wielding a +0 war axe
              (4 damage)
             ... on level 3 of the Dungeon.
             The game lasted 00:04:14 (2550 turns).

Barriton the Firebug (Draconian Fire Elementalist)  Turns: 2550, Time: 00:04:14

Health: -2/33      AC:  5    Str: 10    XL:     4   Next: 46%
Magic:  2/7        EV: 12    Int: 17    God:
Gold:   136        SH:  0    Dex: 12    Spells: 4/8 levels left

rFire   . . .      SeeInvis .    (no weapon)
rCold   . . .      Faith    .    (no shield)
rNeg    . . .      Spirit   .    (body armour unavailable)
rPois   .          Reflect  .    (helmet restricted)
rElec   .          Harm     .    (no cloak)
rCorr   .          Rampage  .    (no gloves)
Will    .....                    (no boots)
Stlth   ++                       (no amulet)
HPRegen 0.25/turn                (no ring)
MPRegen 0.10/turn                (no ring)

@: no status effects
A: AC +5, unfitting armour, cold-blooded
a: no special abilities


You were on level 3 of the Dungeon.
You visited 1 branch of the dungeon, and saw 3 of its levels.

You collected 136 gold pieces.

Inventory:

Wands
 j - a wand of iceblast (12)
Scrolls
 c - a scroll of enchant armour {unknown}
 d - a scroll of immolation {unknown}
 e - a scroll of teleportation
 h - 4 scrolls of identify
Potions
 a - a potion of magic
 b - a potion of resistance {unknown}
 f - 3 potions of heal wounds
 g - 2 potions of haste {unknown}
 i - a potion of curing {unknown}


   Skills:
 + Level 2.6 Dodging
 + Level 1.9 Stealth
 + Level 0.4 Unarmed Combat
 + Level 2.6 Spellcasting
 + Level 1.0 Conjurations
 + Level 4.0 Fire Magic
 + Level 1.0 Earth Magic


You had 4 spell levels left.
You knew the following spells:

 Your Spells              Type           Power      Damage    Failure   Level
a - Foxfire               Conj/Fire      40%        2x1d6     6%          1
b - Sandblast             Erth           10%        2d5       12%         1
c - Scorch                Fire           32%        2d7       5%          2

Your spell library contained the following spells:

 Spells                   Type           Power      Damage    Failure   Level
 Passwall                 Tmut/Erth      2%         N/A       22%         2
 Inner Flame              Hex/Fire       9%         N/A       24%         3
 Wereblood                Tmut           2%         N/A       28%         2
 Kindle Blastsparks       Fire/Tloc/Air  12%        2d11      30%         3
 Stone Arrow              Conj/Erth      10%        3d7       34%         3
 Flame Wave               Conj/Fire      10%        2d6       54%         4
 Lightning Bolt           Conj/Air       1%         1d12      99%         5
 Borgnjor's Revivificati  Necr           1%         N/A       100%        8
 Maxwell's Capacitive Co  Air            1%         ∞         100%        8
 Necromutation            Tmut/Necr      1%         N/A       100%        8
 Death's Door             Necr           1%         N/A       100%        9


Dungeon Overview and Level Annotations

Branches:
Dungeon (3/15)

Altars:
Gozag


Innate Abilities, Weirdness & Mutations

Your plain brown scales are hard. (AC +5)
You cannot fit into any form of body armour.
You are cold-blooded and may be slowed by cold attacks.


Message History

The adder is severely wounded.
The adder barely misses you. x2
You hit the adder.
Your tail-slap misses the adder.
The adder is almost dead.
The adder barely misses you.
You barely miss the adder.
Your tail-slap misses the adder.
The adder is almost dead.
The adder barely misses you.
The orc priest miscasts a cantrip.
You closely miss the adder. You tail-slap the adder.
You kill the adder!
Your Fire Magic skill increases to level 4!
You barely miss the quokka. The quokka misses you.
The orc priest mumbles some strange prayers to Beogh against you.
Beogh smites you! The quokka bites you.
You closely miss the quokka.
Your tail-slap misses the quokka.
The quokka bites you.
You hit the quokka but do no damage. The quokka completely misses you.
You hit the quokka but do no damage. The quokka closely misses you.
You hit the quokka.
The quokka is severely wounded.
The quokka closely misses you.
You barely miss the quokka.
The quokka is severely wounded.
The quokka barely misses you. The quokka closely misses you.
You hit the quokka but do no damage.
The quokka is severely wounded.
The quokka bites you.
You hit the quokka. You tail-slap the quokka.
You kill the quokka!
You hit the orc priest but do no damage.
The orc priest completely misses you.
You barely miss the orc priest.
The orc priest calls down the wrath of Beogh upon you.
Beogh smites you!
* * * LOW HITPOINT WARNING * * *
You hit the orc priest but do no damage.
You tail-slap the orc priest, but do no damage.
The orc priest hits you with a +0 war axe.
You die...

###.(.....##....#
#<...##...####..##
#...####### ##....
#.### ###..<.. #.#
####....... #.#
#....##.... #.#
#...##..... #.#
#...# .#...
#@######...#..#...
#o##.........##...
#)#.........## ...
#.).≈≈.≈≈...# ..
#....≈.≈....#
#..≈.)...≈.##
#..≈≈o..≈≈.#
#....._r...#
#..≈≈...≈≈..


You could see an orc priest.

Vanquished Creatures
  4 adders
  A dart slug (D:3)
  3 worms
  8 orcs (D:3)
  4 ball pythons
  3 bats
  An endoplasm (D:2)
  2 giant cockroaches
  4 goblins
  2 hobgoblins (D:2)
  3 quokkas
  5 frilled lizards
  3 kobolds
  3 rats
46 creatures vanquished.

Vanquished Creatures (others)
  10 foxfires
10 creatures vanquished.

Grand Total: 56 creatures vanquished

Notes
Turn   | Place    | Note
-------+----------+-------------------------------------------
     0 | D:1      | Barriton the Draconian Fire Elementalist began the quest
                  | for the Orb.
     0 | D:1      | Reached XP level 1. HP: 14/14 MP: 3/3
    55 | D:1      | Learned a level 1 spell: Sandblast
   250 | D:1      | You fall into a shaft and drop 1 floor!
   414 | D:1      | Reached XP level 2. HP: 20/20 MP: 1/5
   698 | D:2      | Learned a level 2 spell: Scorch
  1075 | D:2      | Reached XP level 3. HP: 26/26 MP: 1/6
  2146 | D:3      | Reached XP level 4. HP: 31/33 MP: 2/7
  2203 | D:3      | Got Qorav's Lessons on Metamorphosis and Nephomancy
  2332 | D:3      | Found a faded altar of an unknown god.
  2511 | D:3      | Found an opulent altar of Gozag.
  2530 | D:3      | Reached skill level 1 in Earth Magic
  2540 | D:3      | Reached skill level 4 in Fire Magic
  2550 | D:3      | Slain by an orc priest

Illustrated notes

Levels and vault maps discovered:
D:1:      ncdulo_watergridlock, layout_rooms, minmay_tiny_reverse_x
D:2:      layout_loops_corners, minmay_quadrilaterals
D:3:      layout_rooms, mainiacjoe_overflow_small_starburst,
          chequers_ecumenical_altar_island

Skill      XL: |  1  2  3  4 |
---------------+-------------+-----
Dodging        | 2 |  2.6
Earth Magic    | 1 |  1.0
Fire Magic     | 4 |  4.0
Stealth        | |  1.9
Unarmed Combat | |  0.4
Spellcasting   | |  2.6
Conjurations   | |  1.0

Action                     |  1- 3 |  4- 6 || total
---------------------------+-------+-------++-------
  Melee: Unarmed           |    41 |    18 ||    59
         Tailslap          |     5 |     3 ||     8
   Cast: Sandblast         |    18 |     5 ||    23
         Foxfire           |     9 |     1 ||    10
         Scorch            |    26 |     9 ||    35
    Use: Scroll            |     7 |       ||     7
         Potion            |       |     1 ||     1
 Armour: Skin              |     6 |     5 ||    11
  Dodge: Dodged            |    37 |    23 ||    60

Table legend: (Time is in decaauts)
 A = Elapsed time spent in this place.
 B = Non-inter-level travel time spent in this place.
 C = Inter-level travel time spent in this place.
 D = Time resting spent in this place.
 E = Time spent auto-exploring this place.
 F = Levels seen in this place.
 G = Mean time per level.
                   A        B        C        D        E       F      G
               +--------+--------+--------+--------+--------+-----+--------+
         Total |   2565 |   2532 |     33 |      0 |   2186 |   3 |  855.0 |
       Dungeon |   2565 |   2532 |     33 |      0 |   2186 |   3 |  855.0 |
               +--------+--------+--------+--------+--------+-----+--------+

Top non-repeatable levels by time:
     D:2: 1260 daAuts
     D:3: 772 daAuts
     D:1: 532 daAuts
